 Dungeon Crawl Stone Soup version 0.19-a0-276-g3ff07cd (webtiles) character file.

149 Ordine the Cudgeler (level 5, 50/50 HPs)
             Began as an Ogre Warper on May 25, 2016.
             Quit the game on level 3 of the Dungeon on May 26, 2016.
             The game lasted 00:11:58 (3682 turns).

Ordine the Cudgeler (Ogre Warper)                   Turns: 3682, Time: 00:11:59

Health: 50/50      AC:  4    Str: 16    XL:     5   Next: 31%
Magic:  10/10      EV: 10    Int: 13    God:
Gold:   149        SH:  0    Dex:  9    Spells: 3 memorised, 6 levels left

rFire  . . .     SeeInvis .     a - +0 mace
rCold  . . .     Gourm    .     b - +1 robe
rNeg   . . .     Faith    .     (no shield)
rPois  .         Spirit   .     (helmet restricted)
rElec  .         Dismiss  .     (no cloak)
rCorr  .         Reflect  .     (gloves unavailable)
SustAt .         Harm     .     (boots unavailable)
MR     .....                    (no amulet)
Stlth  +.........               (no ring)
                                (no ring)

@: not resistant to hostile enchantments, very unstealthy
A: unfitting armour, tough skin 1
a: no special abilities


You were on level 3 of the Dungeon.
You were not hungry.

You visited 1 branch of the dungeon, and saw 3 of its levels.

You collected 149 gold pieces.

Inventory:

Hand Weapons
 a - a +0 mace (weapon)
Missiles
 e - 5 tomahawks of dispersal (quivered)
Armour
 b - a +1 robe (worn)
Jewellery
 p - an uncursed amulet of harm {unknown}
Scrolls
 d - 2 scrolls of blinking
Potions
 g - 2 potions of invisibility
 h - a potion of haste
 i - a potion of might {unknown}
 j - a potion of curing
 l - a potion of brilliance {unknown}
 m - a potion of berserk rage {unknown}
 n - a potion of cure mutation {unknown}
 o - a potion of ambrosia {unknown}
 q - a potion of degeneration {unknown}
Books
 c - a book of Spatial Translocations

   Spells                             Type                      Level
   a - Apportation                    Translocation                1
   b - Blink                          Translocation                2
   c - Shroud of Golubria             Charms/Translocation         2
   d - Portal Projectile              Translocation                3
   e - Teleport Other                 Translocation                3
   f - Passage of Golubria            Translocation                4
Comestibles
 f - a bread ration
 k - a meat ration
 r - 3 chunks of flesh


   Skills:
 - Level 2.6 Fighting
 + Level 4.2 Maces & Flails
 + Level 2.8 Throwing
 - Level 2.1 Dodging
 + Level 3.5 Spellcasting
 + Level 2.7 Translocations


You had 6 spell levels left.
You knew the following spells:

 Your Spells              Type           Power        Failure   Level  Hunger
a - Apportation           Tloc           #.........   10%         1    #......
b - Shroud of Golubria    Chrm/Tloc      #.........   21%         2    ##.....
c - Blink                 Tloc           N/A          12%         2    ##.....


Dungeon Overview and Level Annotations

Branches:
Dungeon (3/15)

Altars:
Hepliaklqana
Trog


Innate Abilities, Weirdness & Mutations

You are too large for most types of armour.
You have tough skin. (AC +1)


Message History

Some of the chunks of flesh in your inventory have rotted away.
You barely miss the bat. The bat misses you. The bat closely misses you.
You closely miss the bat. The bat hits you.
The bat hits you but does no damage.
You closely miss the bat. The bat hits you but does no damage.
The bat hits you but does no damage. The bat misses you.
The bat closely misses you. The bat hits you but does no damage.
The bat closely misses you.
You closely miss the bat. The bat hits you but does no damage.
The bat barely misses you. The bat hits you but does no damage. x2
You hit the bat.
You kill the bat!
No target in view!
No target in view!
HP restored.
Found a stone staircase leading down.
You see here a dagger.
A rat comes into view.
Are you sure you want to abandon this character and quit the game? (Confirm with "yes".)

##.### # #....#
.###....# # ..##....# #
#. #.##....# #.
#.##.##....# ..#..
#....##.<..# #r....###
#..#.....# #.....@##
##........#
#.....#..#####...#.....#
#.#.. ##..)##...###....#
## ####.#..#..##.####
#......###.##..
.>.<.#......#.###.# ####
#......#.. .#
#......##.. ..
...........# .....


You could see a rat.

Vanquished Creatures
  A centaur skeleton (D:2)
  5 adders (D:2)
  2 oozes (D:2)
  A dart slug (D:1)
  6 giant geckos
  2 ball pythons
  2 giant cockroaches
  9 goblins
  9 hobgoblins
  2 jackals (D:1)
  10 bats
  2 giant newts
  5 kobolds
  5 rats
61 creatures vanquished.

Notes
Turn   | Place    | Note
--------------------------------------------------------------
     0 | D:1      | Ordine the Ogre Warper began the quest for the Orb.
     0 | D:1      | Reached XP level 1. HP: 22/22 MP: 3/3
   121 | D:1      | Reached XP level 2. HP: 10/29 MP: 5/5
   362 | D:1      | Learned a level 2 spell: Shroud of Golubria
   365 | D:1      | Learned a level 2 spell: Blink
   733 | D:1      | Reached XP level 3. HP: 26/36 MP: 5/7
  1473 | D:2      | Reached skill level 3 in Maces & Flails
  1928 | D:2      | Reached XP level 4. HP: 32/44 MP: 8/8
  2757 | D:2      | Reached skill level 4 in Maces & Flails
  2757 | D:2      | Reached XP level 5. HP: 10/50 MP: 10/10
  3224 | D:2      | Found a bloodstained altar of Trog.
  3233 | D:2      | Found a hazy altar of Hepliaklqana.
  3682 | D:3      | Quit the game

Vault maps used:
D:1:      roderic_crossed_star
D:2:      minitemple, first_bread
D:3:      gammafunk_temple_overflow_elements, nicolae_overflow_crystal_walls,
          ecumenical_altar_2

Skill      XL: |  1  2  3  4 |
---------------+-------------+-----
Spellcasting   | 3 |  3.5
Maces & Flails | 3 4 |  4.2
Throwing       | 2 |  2.8
Fighting       | |  2.6
Dodging        | |  2.1
Translocations | |  2.7

Action                   |  1- 3 |  4- 6 || total
-------------------------+-------+-------++-------
Melee: Mace              |   146 |   105 ||   251
  Use: Scroll            |     6 |     3 ||     9
       Potion            |       |     1 ||     1
 Stab: Sleeping          |       |     1 ||     1
  Eat: Chunk             |     3 |     2 ||     5
       Bread ration      |       |     1 ||     1
Armor: Robe              |    56 |    31 ||    87
Dodge: Dodged            |   109 |    71 ||   180
